Map: Cyber Forest LE

Players

eonblu

  • Race: Zerg Zerg
  • League: Grandmaster
  • Spawn Location: 5:00

Namshar - Winner!

  • Race: Zerg Zerg
  • League: Grandmaster
  • Spawn Location: 11:00

Event: HomeStory Cup XIX

VOD

Have the link to the VOD?

Description

Time

  • Played on: June 28, 2019, 11:20 a.m.
  • Length: 13:38

All games in this series

Show
View Real Time Build Order
Export as new Build Order

eonblu Zerg 

Build Orders: Hatch First 

Get SALT Encoding   

  12  0:00  Drone  
  13  0:12  Overlord  
  13  0:17  Drone  
  14  0:30  Drone x2  
  16  0:47  Hatchery  
  15  0:52  Drone  
  15  0:54  Drone  
  17  1:05  Extractor  
  17  1:10  Spawning Pool  
  15  1:13  Drone  
  15  1:16  Drone  
  17  1:19  Drone  
  18  1:30  Drone  
  19  1:39  Drone  
  20  1:49  Overlord  
  20  1:57  Queen  
  20  1:58  Queen  
  20  1:59  Drone  
  20  2:00  Drone  
  26  2:05  Metabolic Boost  
  26  2:11  Drone  
  27  2:27  Hatchery  
  26  2:30  Drone  
  26  2:32  Drone  
  29  2:37  Drone  
  29  2:38  Drone  
  29  2:42  Overlord  
  30  2:48  Zergling x4  
  32  2:53  Baneling Nest  
  32  2:55  Zergling x2  
  32  2:58  Zergling x2  
  33  3:03  Zergling x2  
  34  3:07  Zergling x6  
  34  3:09  Zergling x2  
  34  3:11  Zergling x2  
  39  3:13  Zergling x2  
  39  3:19  Zergling x4  
  42  3:28  Overlord  
  42  3:30  Drone  
  43  3:41  Baneling x3  
  42  3:43  Drone x2  
  42  3:46  Drone  
  42  3:47  Evolution Chamber  
  44  3:50  Drone  
  44  3:53  Drone x3  
  48  4:00  Drone  
  48  4:01  Drone x4  
  51  4:14  Zerg Missile Weapons Level 1  
  51  4:17  Extractor  
  51  4:18  Drone x3  
  51  4:19  Roach Warren  
  52  4:30  Baneling x2  
  51  4:35  Drone x2  
  48  4:56  Overlord x2  
  47  5:00  Queen  
  47  5:01  Roach x4  
  47  5:03  Overlord x3  
  56  5:16  Roach x5  
  56  5:18  Zergling x4  
  67  5:21  Roach  
  67  5:26  Roach  
  70  5:30  Roach  
  70  5:31  Zergling x12  
  77  5:39  Roach x2  
  77  5:41  Zergling x2  
  81  5:48  Baneling x2  
  81  5:52  Zergling x12  
  81  5:54  Baneling  
  83  6:00  Zergling x2, Queen  
  83  6:01  Zergling x6  
  79  6:19  Roach x3  
  79  6:20  Roach x2  
  79  6:21  Zergling x10  
  86  6:30  Zergling x6  
  74  6:33  Drone  
  74  6:35  Lair  
  74  6:40  Drone  
  74  6:42  Zergling x2  
  76  6:47  Zergling x2  
  76  6:48  Zergling x6  
  80  6:55  Roach  
  80  6:56  Roach x2  
  86  7:03  Drone  
  86  7:04  Drone  
  86  7:06  Drone  
  86  7:08  Extractor  
  88  7:12  Drone x5  
  93  7:17  Zerg Ground Armor Level 1  
  93  7:18  Overlord  
  93  7:19  Overlord  
  93  7:20  Overlord  
  93  7:21  Overlord  
  93  7:27  Drone x4  
  98  7:30  Drone  
  98  7:34  Glial Reconstitution  
  98  7:37  Extractor  
  98  7:38  Extractor x2  
  98  7:40  Drone  
  98  7:42  Drone x3  
  98  7:43  Drone  
  100  7:51  Drone x6  
  106  7:58  Overlord, Nydus Network  
  105  8:06  Roach x3  
  105  8:11  Overseer  
  111  8:13  Roach x2  
  111  8:16  Overlord x3  
  111  8:19  Zergling x4  
  118  8:20  Zergling x2  
  118  8:21  Zergling x2  
  119  8:30  Roach x4  
  126  8:37  Roach x4  
  126  8:41  Nydus Canal  
  134  8:45  Roach x3  
  140  8:55  Nydus Canal  
  140  9:00  Roach  
  140  9:01  Roach x5  
  139  9:11  Nydus Canal  
  139  9:15  Spire  
  138  9:25  Ravager x3  
  138  9:26  Ravager  
  142  9:34  Baneling x3  
  139  9:39  Baneling x3  
  139  9:40  Baneling  
  138  9:48  Spine Crawler x2  
  138  9:51  Roach x11  
  158  9:56  Overlord  
  158  9:57  Overlord  
  158  9:59  Hatchery  
  157  10:10  Nydus Canal  
  154  10:24  Drone x2  
  154  10:28  Mutalisk  
  154  10:29  Mutalisk x5  
  148  10:51  Roach x11  
  170  11:02  Roach x6  
  166  11:20  Roach x5  
  176  11:27  Nydus Canal  
  176  11:28  Overlord  
  176  11:29  Overlord x3  
  159  11:48  Roach x6  
  161  11:58  Roach x5  
  171  12:02  Nydus Canal  
  171  12:06  Roach x2  
  171  12:15  Roach x6  
  183  12:17  Ravager x5  
  183  12:21  Ravager x2  
  183  12:22  Ravager  
  191  12:23  Roach  
  191  12:24  Roach x2  
  197  12:31  Roach  
  199  12:38  Nydus Canal  
  191  12:46  Roach x4  
  191  12:53  Nydus Canal  
  147  12:59  Roach x11  
  147  13:03  Roach x4  
  119  13:13  Roach x3  
Show
View Real Time Build Order
Export as new Build Order

Namshar Zerg - Winner!

Build Orders: Hatch First 

Get SALT Encoding   

  12  0:01  Drone  
  13  0:12  Overlord  
  13  0:16  Drone  
  14  0:30  Drone x2  
  16  0:48  Hatchery  
  15  0:51  Drone  
  15  0:54  Drone  
  17  1:09  Spawning Pool  
  17  1:10  Extractor  
  15  1:13  Drone  
  15  1:17  Drone  
  17  1:21  Drone  
  18  1:28  Drone  
  19  1:39  Drone  
  20  1:48  Overlord  
  20  1:55  Queen  
  20  1:59  Queen  
  24  2:03  Drone  
  24  2:04  Drone  
  26  2:10  Metabolic Boost  
  26  2:11  Drone  
  26  2:14  Drone  
  28  2:21  Drone x2  
  30  2:32  Drone x2  
  32  2:40  Hatchery  
  32  2:43  Drone  
  32  2:47  Overlord  
  32  2:52  Baneling Nest  
  32  2:55  Drone  
  32  2:57  Drone  
  33  3:04  Queen  
  35  3:06  Drone  
  35  3:08  Drone  
  35  3:09  Drone  
  35  3:12  Drone  
  39  3:15  Zergling x2  
  39  3:16  Zergling x2  
  41  3:20  Overlord  
  41  3:22  Drone  
  41  3:26  Zergling x2  
  43  3:31  Zergling x2, Evolution Chamber  
  43  3:32  Evolution Chamber  
  42  3:37  Baneling x4  
  42  3:38  Zergling x2  
  43  3:43  Zergling x6  
  43  3:45  Zergling x2  
  47  3:51  Drone x3  
  44  4:10  Drone x3  
  44  4:14  Zergling x4  
  49  4:19  Extractor  
  49  4:20  Roach Warren  
  49  4:24  Hatchery  
  46  4:28  Zergling x4  
  48  4:31  Zerg Missile Weapons Level 1  
  48  4:34  Baneling x2  
  48  4:35  Zergling x2  
  48  4:36  Zergling x4  
  50  4:41  Zergling x2  
  50  4:46  Zergling x2  
  50  4:59  Drone  
  50  5:00  Drone  
  50  5:01  Overlord x2  
  50  5:02  Lair, Extractor  
  50  5:20  Drone x5  
  50  5:21  Drone  
  56  5:26  Roach x3  
  62  5:33  Overlord x2  
  61  5:36  Roach x3  
  67  5:43  Roach  
  67  5:46  Spine Crawler, Roach x3  
  74  5:54  Roach x3  
  78  6:03  Roach x3  
  83  6:12  Roach  
  83  6:13  Roach x3  
  83  6:18  Roach  
  81  6:27  Roach x2  
  83  6:35  Roach x2  
  83  6:38  Drone x4  
  83  6:39  Overlord  
  89  6:40  Overlord  
  89  6:49  Glial Reconstitution  
  89  6:55  Overlord  
  89  6:57  Queen  
  89  7:03  Drone x3  
  89  7:04  Drone  
  89  7:05  Drone x2  
  89  7:07  Roach  
  97  7:09  Roach  
  97  7:12  Ravager  
  97  7:15  Roach x2  
  104  7:23  Overlord  
  104  7:24  Zerg Missile Weapons Level 2  
  104  7:35  Drone x3  
  106  7:37  Roach x4  
  106  7:40  Roach  
  114  7:47  Roach  
  114  7:48  Roach  
  118  7:51  Roach  
  118  7:56  Extractor, Roach  
  118  7:57  Extractor  
  120  7:59  Drone  
  120  8:00  Drone  
  120  8:01  Drone, Extractor  
  120  8:02  Overlord  
  120  8:03  Overlord x2  
  122  8:10  Overlord  
  122  8:17  Drone, Spire  
  122  8:20  Drone  
  122  8:21  Drone x4  
  122  8:24  Drone  
  122  8:27  Overseer, Ravager  
  129  8:30  Drone x3  
  132  8:38  Drone x3  
  135  8:43  Ravager x2  
  135  8:45  Roach x3  
  135  8:47  Roach  
  135  8:48  Roach x3  
  152  8:51  Roach  
  152  8:53  Overlord  
  154  9:03  Overlord x2  
  154  9:12  Roach x4  
  154  9:14  Overlord  
  154  9:16  Overlord  
  162  9:22  Roach  
  162  9:23  Roach x3  
  170  9:24  Ravager x2  
  170  9:25  Ravager  
  170  9:29  Roach x2  
  177  9:34  Zerg Ground Armor Level 1  
  177  9:41  Roach x5  
  177  9:45  Overlord x2  
  187  9:47  Pneumatized Carapace  
  187  9:50  Overlord  
  187  9:57  Overlord x2  
  187  10:05  Ravager x2  
  187  10:06  Hatchery, Ravager  
  190  10:07  Ravager x2  
  190  10:12  Roach  
  193  10:25  Roach x3  
  199  10:34  Hatchery  
  191  10:56  Roach x6  
  181  11:04  Roach x7  
  181  11:05  Roach x2  
  199  11:14  Spore Crawler  
  199  11:15  Hydralisk Den, Spore Crawler x2  
  193  11:21  Drone x2  
  193  11:24  Tunneling Claws, Burrow  
  195  11:28  Overlord  
  195  11:29  Drone  
  185  11:45  Roach x16  
  192  11:50  Spore Crawler  
  181  11:59  Roach x5, Grooved Spines  
  181  12:01  Queen x2  
  178  12:10  Hydralisk x3, Roach  
  178  12:12  Ravager x3  
  184  12:17  Spore Crawler  
  184  12:19  Spore Crawler  
  182  12:23  Hydralisk x3  
  188  12:30  Lurker Den  
  188  12:36  Hydralisk x2  
  181  12:54  Roach x10  
  181  13:01  Roach x2  
  164  13:08  Roach  
  164  13:09  Roach x2  
  164  13:14  Roach  
Tags
 
Add a new tag
Caveats
  • Supply blocks, unpowered buildings, or Contaminate may cause inaccurate times.
  • Supply counts are checked every 10 seconds.